 Dungeon Crawl Stone Soup version 0.24-a0-205-g1d96822 (webtiles) character file.

Game seed: 11564707653680697534

11426 xeno23 the Covert (level 11, -3/67 HPs)
             Began as an Octopode Assassin on Mar 28, 2019.
             Was a Follower of Hepliaklqana.
             Shot with an arrow by a centaur warrior (24 damage)
             ... on level 12 of the Dungeon.
             The game lasted 01:08:54 (11756 turns).

xeno23 the Covert (Octopode Assassin)              Turns: 11756, Time: 01:08:54

Health: -3/67      AC:  2    Str: 12    XL:     11   Next: 77%
Magic:  17/17      EV: 17    Int: 13    God:    Hepliaklqana [*.....]
Gold:   322        SH:  5    Dex: 16    Spells: 14/16 levels left

rFire    . . .     SeeInvis .   s - +0 scimitar (flame)
rCold    . . .     Gourm    .   C - +0 buckler
rNeg     . . .     Faith    .   O - +1 hat {MR+}
rPois    .         Spirit   .   (no amulet)
rElec    .         Reflect  .   (no ring)
rCorr    .         Harm     .   (no ring)
MR       +....                  (no ring)
Stlth    ++++++....             (no ring)
HPRegen  0.21/turn              (no ring)
MPRegen  0.15/turn              (no ring)
                                (no ring)
                                (no ring)

@: no status effects
A: almost no armour, stealthy swim, amphibious, 8 rings, constrict 8, reduced
essence, camouflage 1, gelatinous body 1
a: Recall Ancestor, Ancestor Identity, Renounce Religion


You were on level 12 of the Dungeon.
You worshipped Hepliaklqana.
Hepliaklqana was aware of your devotion.
You were hungry.

You visited 2 branches of the dungeon, and saw 13 of its levels.

You collected 376 gold pieces.
You spent 54 gold pieces at shops.

Inventory:

Hand Weapons
 a - a +2 dagger of venom
 b - a +0 blowgun
 q - a +2 dagger of draining
 s - a +0 scimitar of flaming (weapon)
Missiles
 c - 42 poisoned needles
 J - 4 throwing nets (quivered)
 R - 6 curare-tipped needles
Armour
 C - a +0 buckler (worn)
 O - a +1 hat of magic resistance (worn)
Wands
 u - a wand of paralysis (3)
 y - a wand of polymorph (10)
 B - a wand of disintegration (8)
 D - a wand of scattershot (3)
 G - a wand of flame (30)
 I - a wand of enslavement (8)
 M - a wand of acid (6)
Scrolls
 e - a scroll of teleportation
 h - a scroll of fear {unknown}
 i - 3 scrolls of identify
 l - 7 scrolls of remove curse
 m - a scroll of immolation {unknown}
 o - 3 scrolls of blinking {unknown}
 r - 2 scrolls of enchant armour {unknown}
 t - 2 scrolls of magic mapping {unknown}
 x - a scroll of fog {unknown}
 E - a scroll of enchant weapon {unknown}
 H - a scroll of random uselessness {unknown}
 N - a scroll of vulnerability {unknown}
 P - a scroll of acquirement {unknown}
Potions
 d - 4 potions of curing
 g - 3 potions of brilliance
 j - a potion of might
 k - 3 potions of lignification
 n - 4 potions of magic
 p - 2 potions of cancellation
 v - 4 potions of ambrosia
 w - 2 potions of agility
 z - a potion of resistance {unknown}
 A - 2 potions of degeneration {unknown}
 F - a potion of flight {unknown}
 K - a potion of haste {unknown}
 L - a potion of heal wounds
Comestibles
 f - 22 rations


   Skills:
 + Level 7.3 Fighting
 - Level 10.0 Short Blades
 - Level 2.0 Throwing
 + Level 5.8 Dodging
 + Level 11.2 Stealth
 - Level 4.0 Shields
 + Level 3.3 Spellcasting
 + Level 3.6 Translocations
 + Level 8.5 Evocations


You had 14 spell levels left.
You knew the following spells:

 Your Spells              Type           Power        Failure   Level  Hunger
g - Blink                 Tloc           N/A          8%          2    ##.....

Your spell library contained the following spells:

 Spells                   Type           Power        Failure   Level  Hunger
 Magic Dart               Conj           #...         22%         1    #......
 Call Imp                 Summ           #.......     32%         2    ##.....
 Poisonous Vapours        Pois/Air       #.....       32%         2    ##.....
 Slow                     Hex            #.......     32%         2    ##.....
 Conjure Flame            Conj/Fire      #.......     54%         3    ###....
 Mephitic Cloud           Conj/Pois/Air  #.......     54%         3    ###....
 Freezing Cloud           Conj/Ice/Air   #.........   100%        6    #######
 Ring of Flames           Chrm/Fire      #.........   100%        7    #######


Dungeon Overview and Level Annotations

Branches:
Dungeon (12/15)            Temple (1/1) D:6
   Lair: D:8-11         Orc: D:9-12

Altars:
Ashenzari
Cheibriados
Dithmenos
Elyvilon
Fedhas
Gozag
Hepliaklqana
Kikubaaqudgha
Makhleb
Nemelex Xobeh
Okawaru
Qazlal
Ru
Sif Muna
Trog
Uskayaw
Vehumet
Wu Jian
Xom
Yredelemnul
Zin
The Shining One

Shops:
D:6 [

Annotations:
D:8 2 transporters, Borgoz's ghost, novice KoGl


Innate Abilities, Weirdness & Mutations

You cannot wear most types of armour.
You are very stealthy in the water. (Stealth+)
You are amphibious.
You can wear up to eight rings at the same time.
You can use your tentacles to constrict eight enemies at once.
Your skin changes colour to match your surroundings (Stealth+).
Your rubbery body absorbs attacks. (AC +1, EV +1)
Your life essence is reduced to manifest your ancestor. (-10% HP)


Message History

The vampire mosquito draws strength from your injuries!
The vampire mosquito completely misses you.
The centaur warrior skeleton completely misses you.
You take 6 damage.
Press: ? - help, v - describe, . - travel
Here: a vampire mosquito The floor.
Unknown command.
It was a potion of heal wounds.
You feel much better. The vampire mosquito barely misses you.
You riposte.
You miss the vampire mosquito. Your grab misses the vampire mosquito.
Your squeeze misses the vampire mosquito.
The centaur warrior skeleton hits you! The vampire mosquito misses you.
Evoke which item? (* to show all) (? for menu, Esc to quit)
Aiming: Enslavement
Press: ? - help, Shift-Dir - straight line, f/p - vampire mosquito
Aim: a vampire mosquito (chance to defeat MR: 69%)
The vampire mosquito is charmed.
The centaur warrior skeleton hits you.
The centaur warrior shoots an arrow.
The arrow hits you!!
You die...

##.# #..# ##.##
##..# #..## #
##(########..
#...........#
#..cZy......#
#....@......#
#..[........#
#..........<..#
###......>.....
###########.# .


You could see a centaur warrior, a centaur warrior skeleton and a friendly
vampire mosquito.

Vanquished Creatures
  Gastronok (D:9)
  Erica (D:8)
  A two-headed ogre (D:11)
  Urug (D:10)
  3 slime creatures (D:10)
  4 yaks (D:11)
  A shadow (D:11)
  Sigmund (D:4)
  A wraith (D:8)
  A hungry ghost (D:8)
  Menkaure (D:4)
  A water moccasin (D:5)
  5 ice beasts
  2 orc warriors (D:8)
  A sky beast (D:8)
  2 phantoms
  2 centaurs (D:5)
  6 ogres
  A crocodile (D:8)
  An elf zombie (D:8)
  6 bullfrogs
  A scorpion (D:9)
  A water moccasin skeleton (D:8)
  9 killer bees
  10 wights
  3 howler monkeys (D:8)
  4 crimson imps
  6 jellies
  A hound (D:10)
  5 orc priests
  2 gnoll shamans (D:9)
  5 human zombies (D:8)
  5 orc wizards
  6 bullfrog skeletons
  2 centaur skeletons
  A human skeleton (D:8)
  2 iguanas
  10 worker ants
  An ogre zombie (D:8)
  3 hound skeletons
  A mummy (D:8)
  3 worker ant zombies
  10 adders
  8 gnolls
  3 shadow imps
  7 oozes
  An adder skeleton (D:6)
  An adder zombie (D:6)
  2 worms
  3 dart slugs
  4 leopard geckos
  32 orcs
  6 giant cockroaches
  3 goblins (D:1)
  6 hobgoblins
  7 jackals
  4 quokkas
  A ball python skeleton (D:4)
  4 bats
  A giant cockroach zombie (D:6)
  A jackal skeleton (D:7)
  A jackal zombie (D:8)
  8 kobolds
  A quokka skeleton (D:7)
  9 rats
247 creatures vanquished.

Vanquished Creatures (collateral kills)
  Harold (D:10)
  2 yaks (D:11)
  A wight (D:10)
  A hound zombie (D:9)
  3 gnolls (D:9)
8 creatures vanquished.

Vanquished Creatures (others)
  5 ancestors
5 creatures vanquished.

Grand Total: 260 creatures vanquished

Notes
Turn   | Place    | Note
-------+----------+-------------------------------------------
     0 | D:1      | xeno23 the Octopode Assassin began the quest for the Orb.
     0 | D:1      | Reached XP level 1. HP: 14/14 MP: 1/1
   202 | D:1      | Reached XP level 2. HP: 19/19 MP: 2/2
   581 | D:2      | Found a stormy altar of Qazlal.
   644 | D:2      | Reached XP level 3. HP: 21/25 MP: 3/3
   762 | D:2      | Reached skill level 6 in Stealth
   963 | D:2      | Found a hazy altar of Hepliaklqana.
  1031 | D:2      | Reached XP level 4. HP: 25/30 MP: 4/4
  1436 | D:3      | Noticed an ice beast
  1477 | D:3      | Found a radiant altar of Vehumet.
  1594 | D:3      | Reached XP level 5. HP: 21/36 MP: 5/5
  1736 | D:3      | Killed an ice beast
  1736 | D:3      | Reached skill level 7 in Stealth
  1736 | D:3      | Reached XP level 6. HP: 43/43 MP: 6/6
  1894 | D:3      | Found a faded altar of an unknown god.
  2311 | D:4      | Noticed Sigmund
  2479 | D:4      | Noticed Menkaure
  2487 | D:4      | Killed Menkaure
  2487 | D:4      | Reached skill level 8 in Stealth
  2487 | D:4      | Reached XP level 7. HP: 49/49 MP: 7/7
  2785 | D:4      | Killed Sigmund
  2785 | D:4      | Reached skill level 1 in Evocations
  2821 | D:5      | Entered Level 5 of the Dungeon
  2866 | D:5      | Reached skill level 5 in Fighting
  2886 | D:5      | Reached XP level 8. HP: 48/55 MP: 9/9
  2924 | D:5      | Reached skill level 9 in Stealth
  3281 | D:5      | Found a deep blue altar of Sif Muna.
  3283 | D:5      | Found an iron altar of Okawaru.
  3285 | D:5      | Found a sacrificial altar of Ru.
  3306 | D:5      | Found a shadowy altar of Dithmenos.
  3887 | D:5      | Reached skill level 5 in Short Blades
  4150 | D:6      | Reached XP level 9. HP: 62/62 MP: 11/11
  4380 | D:6      | Found a staircase to the Ecumenical Temple.
  4391 | Temple   | Entered the Ecumenical Temple
  4830 | D:6      | Found Wituv's Armour Shoppe.
  4834 | D:6      | Bought a +0 buckler for 54 gold pieces
  5281 | D:6      | Reached skill level 1 in Shields
  5365 | D:7      | Found a glowing golden altar of the Shining One.
  6110 | D:7      | Found a shattered altar of Ashenzari.
  6978 | D:8      | Found a transporter.
  6982 | D:8      | Noticed Borgoz's ghost (novice KoGl)
  6988 | D:8      | Noticed a moth of wrath
  6996 | D:8      | Found a transporter.
  7005 | D:8      | Found a sparkling altar of Nemelex Xobeh.
  7050 | D:8      | Noticed Erica
  7054 | D:8      | Killed Erica
  7054 | D:8      | Reached skill level 5 in Evocations
  7054 | D:8      | Reached XP level 10. HP: 58/68 MP: 12/14
  7524 | D:8      | Found an ancient bone altar of Kikubaaqudgha.
  8005 | D:9      | Noticed Gastronok
  8664 | D:9      | Found a hide-covered altar of Uskayaw.
  8887 | D:2      | Became a worshipper of Hepliaklqana the Forgotten
  9199 | D:9      | Reached skill level 10 in Stealth
  9272 | D:9      | Learned a level 2 spell: Blink
  9568 | D:9      | Killed Gastronok
  9568 | D:9      | Reached skill level 10 in Short Blades
  9568 | D:9      | Reached skill level 1 in Spellcasting
  9568 | D:9      | Reached skill level 1 in Translocations
  9568 | D:9      | Reached XP level 11. HP: 66/66 MP: 16/16
  9659 | D:10     | Entered Level 10 of the Dungeon
  9834 | D:10     | Noticed Harold
  9855 | D:10     | Killed Harold
  9855 | D:10     | Reached skill level 5 in Dodging
 10302 | D:10     | Noticed Urug
 10482 | D:10     | Killed Urug
 11163 | D:11     | Noticed a two-headed ogre
 11189 | D:11     | Killed a two-headed ogre
 11189 | D:11     | Reached skill level 11 in Stealth
 11230 | D:11     | Reached * piety under Hepliaklqana
 11577 | D:11     | Noticed a cyclops
 11578 | D:11     | Noticed a wizard
 11596 | D:12     | Noticed a cyclops
 11743 | D:12     | Noticed a deep elf archer
 11748 | D:12     | Noticed a centaur warrior
 11754 | D:12     | HP: 3/67 [vampire mosquito (6)]
 11756 | D:12     | Shot with an arrow by a centaur warrior

Levels and vault maps discovered:
D:1:      dpeg_arrival_rooms_b, layout_basic
D:2:      layout_basic, lemuel_crystal_altar, nicolae_qazlal_general_emergency
D:3:      layout_loops_ring, vehumet_crystals, first_ration,
          chequers_ecumenical_altar_simple
D:4:      layout_loops_ring, st_stairs_14, minmay_misc_feat_roman,
          uniq_menkaure, uniq_sigmund
D:5:      minmay_diamond_boxcup, layout_basic, grunt_dithmenos_smoke,
          gammafunk_temple_overflow_forgotten
D:6:      layout_gridville, minmay_temple_entry_statues, serial_shops, shop
D:7:      layout_cave_pools, lemuel_crystal_altar, kennysheep_mini
D:8:      layout_loops_corners, nemelex_xobeh_ov_fountains_minmay,
          gammafunk_ghost_berserking_beasts, hangedman_little_slice_of_home,
          st_stairs_3, lemuel_mausoleum_altar_kikubaaqudgha, uniq_erica
D:9:      layout_cave_pools, eat_drink_and_be_merry_uskayaw, uniq_gastronok
D:10:     layout_layer_cave, uniq_harold, uniq_urug
D:11:     minmay_blocky_corners, layout_irregular_city, lair_entry_dummy,
          nicolae_zen_rock_garden, kennysheep_generic_room_5
D:12:     layout_roguey, orc_david_3, roderic_batcave, minmay_the_grid_2x2
          [minmay_the_grid_embedded, minmay_the_grid_tiny_cups,
          minmay_the_grid_rooms, minmay_the_grid_prize_trominoes]
Temple:   minmay_temple_bridge_abc

Skill      XL: |  1  2  3  4  5  6  7  8  9 10 11 |
---------------+----------------------------------+-----
Stealth        | 6 7 8 9 10 11 | 11.2
Fighting       | 3 4 5 6 7 |  7.3
Dodging        | 2 3 4 5 |  5.8
Short Blades   | 3 6 9 10 | 10.0
Evocations     | 1 2 5 7 8 |  8.5
Shields        | 4 |  4.0
Spellcasting   | 1 3 |  3.3
Translocations | 1 3 |  3.6
Throwing       | |  2.0

Action                   |  1- 3 |  4- 6 |  7- 9 | 10-12 || total
-------------------------+-------+-------+-------+-------++-------
Melee: Dagger            |    49 |    66 |   267 |   248 ||   630
       Constrict         |    16 |    23 |    45 |    48 ||   132
       Tentacles         |     5 |    16 |    49 |    89 ||   159
       Scimitar          |       |       |       |    70 ||    70
 Fire: Blowgun           |     3 |    12 |    20 |    18 ||    53
 Cast: Blink             |       |       |       |     4 ||     4
Invok: Ancestor Identity |       |       |       |     1 ||     1
Evoke: Wand              |       |     3 |    13 |    12 ||    28
  Use: Scroll            |       |     4 |     4 |     7 ||    15
       Potion            |       |       |       |     2 ||     2
 Stab: Sleeping          |    13 |     8 |    29 |    26 ||    76
       Paralysed         |       |     1 |     1 |     2 ||     4
       Distracted        |       |       |       |     1 ||     1
  Eat: Chunk             |       |     4 |    15 |     8 ||    27
       Ration            |       |       |     2 |     2 ||     4
Armor: Skin              |     3 |     1 |     4 |     7 ||    15
Dodge: Dodged            |    15 |    24 |   114 |   130 ||   283
Block: Buckler           |       |       |       |    20 ||    20
       Rpst.: Scimitar   |       |       |       |    15 ||    15

Table legend:
 A = Non-vault XP
 B = Vault XP
 C = Vault XP percentage of total XP
 D = Non-vault monster count
 E = Vault monster count
 F = Vault count percentage of total count
                 A         B        C        D         E       F
            +---------+---------+-------+---------+---------+-------
      Total |    9081 |    7242 |  44.4 |     215 |      40 |  15.7
            +---------+---------+-------+---------+---------+-------
        D:1 |      20 |       0 |   0.0 |      10 |       0 |   0.0
        D:2 |     130 |       0 |   0.0 |      30 |       0 |   0.0
        D:3 |     246 |       0 |   0.0 |      24 |       0 |   0.0
        D:4 |     148 |     391 |  72.5 |       8 |       3 |  27.3
        D:5 |    1048 |     437 |  29.4 |      22 |       9 |  29.0
        D:6 |     690 |       0 |   0.0 |      15 |       0 |   0.0
        D:7 |     669 |       0 |   0.0 |      18 |       0 |   0.0
        D:8 |     874 |    2125 |  70.9 |      21 |      23 |  52.3
        D:9 |    1137 |    2265 |  66.6 |      37 |       1 |   2.6
       D:10 |    1518 |    1803 |  54.3 |      16 |       2 |  11.1
       D:11 |    2505 |     221 |   8.1 |      11 |       2 |  15.4
       D:12 |      96 |       0 |   0.0 |       3 |       0 |   0.0
            +---------+---------+-------+---------+---------+-------
